cohdb
Replays
Latest Replays
All Replays
Popular Replays
Top Player Replays
Match Explorer
How It Works
Community
CoH3 Stats
Reddit
Sign in to upload your games and track your stats! →
Sign in with Steam
Match 42367162
Unlisted
Match 42367162
Overview
Messages
Build Orders
End
Selects Advanced Infantry Battlegroup
Construct Barracks
Riflemen Squad
1⁄4-ton 4x4 Truck
Riflemen Squad
Selects Convert to Ranger Squad
Riflemen Squad
Grenade Package
Air Support Center
Selects Frontline Medical Station
Frontline Medical Station
M1918 Browning Automatic Rifles
Grasshopper Recon Run
P-47 Dive Bomb
Construct Motor Pool
Frontline Medical Station
Blaze Rembrandt
Mihono Bourbon
moyu
songry
karl
b1ackie360
simranjitsingh713
爱打游戏的啥子
0
0
Comments
sign in to comment!
No comments posted yet!